 Dungeon Crawl Stone Soup version 0.32-a0-876-gcfddb08e57 (webtiles) character file.

Game seed: 459754246647866331

130 Adrian566 the Ruffian (level 4, -1/35 HPs)
             Began as a Demigod Shapeshifter on Apr 1, 2024.
             Slain by Grinder (7 damage)
             ... on level 3 of the Dungeon.
             The game lasted 00:01:41 (2397 turns).

Adrian566 the Ruffian (Demigod Shapeshifter)        Turns: 2397, Time: 00:01:41

Health: -1/35      AC:  2    Str: 19    XL:     4   Next: 60%
Magic:  6/6        EV: 11    Int: 12    God:
Gold:   78         SH:  0    Dex: 13    Spells: 3/3 levels left

rFire   . .          .
                       - Unarmed
rCold   . . .        (no shield)
rNeg    . . .        a - +0 animal skin
rPois   .            (helmet currently unavailable)
rElec   .            (cloak currently unavailable)
rCorr   .            (gloves currently unavailable)
SInv    .            (boots currently unavailable)
Will    .....        (no amulet)
Stlth   +            (no ring)
HPRegen 0.25/turn    (no ring)
MPRegen 0.10/turn

%: no passive effects
@: mighty, beast-form
A: beast (slay +2), high MP 1, forlorn, divine attributes
a: Begin Untransformation


You were on level 3 of the Dungeon.
You were a hulking beast.
You visited 1 branch of the dungeon, and saw 3 of its levels.

You collected 78 gold pieces.

Inventory:

Armour
 a - a +0 animal skin (worn)
 e - a +2 pair of gloves
Talismans
 c - a beast talisman (active)
 d - a flux talisman
Scrolls
 i - a scroll of enchant armour {unknown}
 j - a scroll of fog {unknown}
 k - a scroll of teleportation {unknown}
 l - a scroll of blinking {unknown}
Potions
 b - a potion of lignification
 g - a potion of attraction {unknown}
 h - 2 potions of curing {unknown}


   Skills:
 + Level 1.2 Fighting
 + Level 2.3 Dodging
 + Level 0.3 Stealth
 + Level 3.8 Unarmed Combat
 * Level 3.6 Shapeshifting


You had 3 spell levels left.
You didn't know any spells.
Your spell library contained the following spells:

 Spells                   Type           Power      Damage    Failure   Level
 Apportation              Tloc           0%         N/A       32%         1
 Necrotise                Necr           0%         1d4       32%         1
 Sting                    Conj/Alch      0%         1d3       32%         1
 Summon Small Mammal      Summ           0%         N/A       32%         1
 Tukima's Dance           Hex            0%         N/A       69%         3
 Passage of Golubria      Tloc           0%         N/A       97%         4
 Yara's Violent Unravell  Hex/Alch       0%         3d3       100%        5


Dungeon Overview and Level Annotations

Branches:
Dungeon (3/15)

Annotations:
D:3 Grinder


Innate Abilities, Weirdness & Mutations

You are a hulking beast.
Your limbs bulge with bestial killing power. (Slay +2)
You have an increased reservoir of magic. (+10% MP)
You shall have no god before yourself.
Your divine heritage dramatically boosts your attributes as you level up.


Message History

Grinder gestures at you. You resist with significant effort.
You barely miss Grinder.
Grinder is lightly wounded.
Grinder blinks!
Grinder hits you.
You writhe in agony.
You hit Grinder.
Grinder is moderately wounded.
Grinder hits you!
You writhe in agony.
You barely miss Grinder.
Grinder is moderately wounded.
Grinder blinks!
You hit Grinder.
Grinder is moderately wounded.
Grinder closely misses you.
You hit Grinder.
Grinder is heavily wounded.
Grinder gestures at you.
You suddenly lose the ability to move!
Grinder gestures at you. You resist with significant effort. Grinder hits you.
You writhe in agony.
Grinder gestures at you.
You shrug off the repeated paralysis!
Grinder blinks!
You can move again.
It was a potion of might.
You feel very mighty all of a sudden.
You punch Grinder!
Grinder is almost dead.
Grinder hits you!
* * * LOW HITPOINT WARNING * * *
You barely miss Grinder.
Grinder is almost dead.
Grinder barely misses you.
You completely miss Grinder.
Grinder is almost dead.
Grinder hits you!
You die...
Grinder says, "Now the real fun starts!"

############
#...........
##.#.........
###........###
#............#
##.#..5h....#.# ## ##
#...........# #.
.####..##.###.#.# .#.
....<...# .#.# ...
###.....# .. . #.#
#.##..# .#. #
#.#####.##..###.#.#
####.................#
#....####..##..##....


You could see Grinder.

Vanquished Creatures
  An iguana (D:3)
  5 adders
  A dart slug (D:1)
  2 ribbon worms (D:2)
  2 orcs (D:3)
  4 ball pythons
  8 endoplasms
  2 giant cockroaches (D:1)
  2 goblins
  5 hobgoblins
  3 quokkas
  2 bats (D:1)
  3 frilled lizards
  A kobold (D:3)
  7 rats
  A spectral hobgoblin (D:2)
49 creatures vanquished.

Notes
Turn   | Place    | Note
-------+----------+-------------------------------------------
     0 | D:1      | Adrian566 the Demigod Shapeshifter began the quest for the
                  | Orb.
     0 | D:1      | Reached XP level 1. HP: 15/15 MP: 3/3
   561 | D:1      | Reached XP level 2. HP: 19/22 MP: 4/4
  1284 | D:2      | Reached XP level 3. HP: 23/24 MP: 5/5
  1373 | D:2      | Reached skill level 1 in Fighting
  1849 | D:3      | Reached XP level 4. HP: 30/35 MP: 6/6
  1877 | D:3      | HP: 1/35 [iguana (11)]
  2372 | D:3      | Noticed Grinder
  2388 | D:3      | Paralysed by Grinder for 5 turns
  2397 | D:3      | Slain by Grinder

Illustrated notes

Levels and vault maps discovered:
D:1:      nzn_arrival_water_spiral, layout_basic, minmay_ruptured
D:2:      layout_loops_cross, dreamdust_ecumenical_altar_drowned_temple
D:3:      layout_loops_ring, xom_redecorated, uniq_grinder

Skill      XL: |  1  2  3 |
---------------+----------+-----
Unarmed Combat | 3 |  3.8
Shapeshifting  | 3 |  3.6
Fighting       | 1 |  1.2
Dodging        | 2 |  2.3
Stealth        | |  0.3

Action                     |  1- 3 |  4- 6 || total
---------------------------+-------+-------++-------
  Melee: Unarmed           |   106 |    50 ||   156
         Punch             |     2 |       ||     2
    Use: Potion            |       |     1 ||     1
   Stab: Sleeping          |     3 |     1 ||     4
 Armour: Animal skin       |    39 |    18 ||    57
  Dodge: Dodged            |    43 |    23 ||    66

Table legend: (Time is in decaauts)
 A = Elapsed time spent in this place.
 B = Non-inter-level travel time spent in this place.
 C = Inter-level travel time spent in this place.
 D = Time resting spent in this place.
 E = Time spent auto-exploring this place.
 F = Levels seen in this place.
 G = Mean time per level.
                   A        B        C        D        E       F      G
               +--------+--------+--------+--------+--------+-----+--------+
         Total |   2398 |   2356 |     42 |    360 |   1655 |   3 |  799.3 |
       Dungeon |   2398 |   2356 |     42 |    360 |   1655 |   3 |  799.3 |
               +--------+--------+--------+--------+--------+-----+--------+

Top non-repeatable levels by time:
     D:1: 1008 daAuts
     D:2: 836 daAuts
     D:3: 553 daAuts
